 Dungeon Crawl Stone Soup version 0.31.0-32-g396128a36d (webtiles) character file.

Game seed: 3545712593436393564

2 DemonSlayer the Digger (level 1, 0/13 HPs)
             Began as a Demonspawn Earth Elementalist on Apr 15, 2024.
             Slain by a hobgoblin (3 damage)
             ... on level 1 of the Dungeon.
             The game lasted 00:00:21 (97 turns).

DemonSlayer the Digger (DsEE)                         Turns: 97, Time: 00:00:21

Health: 0/13       AC:  2    Str:  8    XL:     1   Next: 33%
Magic:  3/3        EV: 12    Int: 15    God:
Gold:   9          SH:  0    Dex: 13    Spells: 3/4 levels left

rFire   . . .        c - +0 dagger
rCold   . . .        (no shield)
rNeg    . . .        a - +0 robe
rPois   .            (no helmet)
rElec   .            (no cloak)
rCorr   .            (no gloves)
SInv    .            (no boots)
Will    .....        (no amulet)
Stlth   ++           (no ring)
HPRegen 0.22/turn    (no ring)
MPRegen 0.08/turn

%: no passive effects
@: very slightly contaminated
A: no striking features
a: no special abilities


You were on level 1 of the Dungeon.
You visited 1 branch of the dungeon, and saw 1 of its levels.

You collected 9 gold pieces.

Inventory:

Hand Weapons
 c - a +0 dagger (weapon)
Armour
 a - a +0 robe (worn)


   Skills:
 + Level 1.7 Dodging
 + Level 1.7 Stealth
 + Level 2.1 Spellcasting
 + Level 1.0 Conjurations
 + Level 2.8 Earth Magic


You had 3 spell levels left.
You knew the following spells:

 Your Spells              Type           Power      Damage    Failure   Level
a - Sandblast             Erth           18%        2d7       7%          1

Your spell library contained the following spells:

 Spells                   Type           Power      Damage    Failure   Level
 Passwall                 Erth           9%         N/A       22%         3
 Stone Arrow              Conj/Erth      14%        3d7       30%         3
 Brom's Barrelling Bould  Conj/Erth      7%         2d3       69%         4
 Petrify                  Alch/Erth      5%         N/A       77%         4


Dungeon Overview and Level Annotations

Branches:
Dungeon (1/15)

Altars:


Message History

Found a staircase leading out of the dungeon.
Found a stone staircase leading down.
A goblin comes into view. It is wielding a +0 dagger.
The blast of sand hits the goblin!
You kill the goblin!
Found 9 gold pieces.
Things that are here:
a +0 dagger; a goblin corpse
c - a +0 dagger
c - a +0 dagger (weapon)
Setting a skill training target for Short Blades at 10.0.
Magic restored.
An endoplasm comes into view.
An endoplasm is nearby!
An endoplasm is nearby!
An endoplasm is nearby!
The blast of sand hits the endoplasm!
You kill the endoplasm!
You can't see any susceptible monsters within range! (Use Z to cast anyway.)
You can't see any susceptible monsters within range! (Use Z to cast anyway.)
You now have 9 gold pieces.
As you open the door, it creaks loudly!
A quokka comes into view.
A quokka is nearby!
A quokka is nearby!
A quokka is nearby!
A hobgoblin comes into view.
There is an open door here.
Found 11 gold pieces.
The quokka closely misses you.
You miscast Sandblast.
You are very lightly contaminated with residual magic.
Nothing appears to happen.
The quokka bites you.
The blast of sand misses the quokka.
The quokka bites you. x2
You are too injured to fight recklessly!
Magic courses through your body. The quokka bites you.
* * * LOW HITPOINT WARNING * * *
The quokka attacks as it pursues you! The quokka closely misses you.
The hobgoblin attacks as it pursues you!
The hobgoblin hits you.
You die...

### #.# #.# #.#
#.#################.###
#......................
....####.................
♣#$.####@######.......###
♣.....rg..####.......##
♣♣♣#......##..........##
#......##.#........#
........##.#####.#..##
♣~.......♣♣♣♣ #.#...†
♣♣......♣~ #.#....
...♣♣♣~~~~ #.#.### ..P♣
~P≈~≈ .......


You could see a quokka and a hobgoblin.

Vanquished Creatures
  An endoplasm (D:1)
  A goblin (D:1)
2 creatures vanquished.

Notes
Turn   | Place    | Note
-------+----------+-------------------------------------------
     0 | D:1      | DemonSlayer the Demonspawn Earth Elementalist began the
                  | quest for the Orb.
     0 | D:1      | Reached XP level 1. HP: 13/13 MP: 3/3
    97 | D:1      | Slain by a hobgoblin

Illustrated notes

Levels and vault maps discovered:
D:1:      tekkud_arrival_beachfront_property, layout_basic, serial_bayou,
          serial_bayou_crossing, serial_bayou_ford_a, serial_bayou_pond_b,
          serial_bayou_pond_e, grunt_decor_one_mirror

Action                     || total
---------------------------++-------
   Cast: Sandblast         ||     3
    Use: Potion            ||     1
 Armour: Robe              ||     5
  Dodge: Dodged            ||     2
